 Dungeon Crawl Stone Soup version 0.31.0-32-g396128a36d (webtiles) character file.

Game seed: 2433414816228434776

105 Zeor the Magician (level 5, 35/35 HPs)
             Began as a Djinni Air Elementalist on Apr 10, 2024.
             Quit the game on level 4 of the Dungeon.
             The game lasted 00:07:16 (2212 turns).

Zeor the Magician (Djinni Air Elementalist)         Turns: 2212, Time: 00:07:16

Health: 35/35      AC:  4    Str:  7    XL:     5   Next: 8%
Gold:   101        EV: 12    Int: 18    God:
                   SH:  0    Dex: 14

rFire   + + .        a - +4 trident
rCold   x . .        (no shield)
rNeg    . . .        d - +0 leather armour
rPois   ∞            (no helmet)
rElec   .            g - +0 cloak
rCorr   .            (no gloves)
SInv    .            (boots unavailable)
Will    .....        (no amulet)
Stlth   ++           (no ring)
HPRegen 0.25/turn    (no ring)
MPRegen 0.00/turn

%: no passive effects
@: flying
A: sickness immunity, fire resistance 2, cold vulnerability 1, float, innate
caster, HP casting, extra vitality 1
a: no special abilities


You were on level 4 of the Dungeon.
You visited 1 branch of the dungeon, and saw 4 of its levels.

You collected 101 gold pieces.

Inventory:

Hand Weapons
 a - a +4 trident (weapon)
 c - a +0 spear
 i - a +0 short sword
 p - a +0 triple crossbow
Armour
 d - a +0 leather armour (worn)
 g - a +0 cloak (worn)
 o - a +0 robe
Jewellery
 j - a ring of ice
 k - a ring of willpower
Talismans
 f - a flux talisman
Scrolls
 l - a scroll of teleportation
Potions
 b - a potion of haste
 e - 2 potions of heal wounds
 h - 3 potions of mutation
 n - a potion of curing {unknown}
 q - a potion of enlightenment {unknown}


   Skills:
 + Level 0.2 Fighting
 + Level 0.3 Short Blades
 + Level 0.3 Polearms
 + Level 1.5 Armour
 + Level 3.0 Dodging
 - Level 2.0 Stealth
 * Level 3.7 Spellcasting
 * Level 3.7 Conjurations
 * Level 3.7 Hexes
 * Level 3.7 Summonings
 * Level 3.7 Necromancy
 * Level 3.7 Translocations
 * Level 3.7 Fire Magic
 * Level 3.7 Ice Magic
 * Level 3.7 Air Magic
 * Level 3.7 Earth Magic
 * Level 3.7 Alchemy


You knew the following spells:

 Your Spells              Type           Power      Damage    Failure   Level
a - Airstrike             Air            8%         2d(2-18)  43%         4
d - Static Discharge      Conj/Air       32%        3-5/arc   8%          2
n - Necrotise             Necr           64%        1d7       4%          1
s - Swiftness             Air            16%        N/A       14%         3
z - Shock                 Conj/Air       64%        1d7       4%          1
S - Scorch                Fire           32%        2d6       8%          2
Your spell library was empty.

Dungeon Overview and Level Annotations

Branches:
Dungeon (4/15)
 Temple: D:4-7

Altars:
Okawaru
Qazlal
Uskayaw
Xom


Innate Abilities, Weirdness & Mutations

You are immune to sickness and miasma.
You are immune to poison.
Your flesh is very heat resistant. (rF++)
You are vulnerable to cold. (rC-)
You float through the air rather than walking.
You learn spells naturally, not from books.
Your magical power is your life essence.
You have superior vitality. (+4 MHP)


Message History

There is a stone staircase leading up here.
You start resting.
A bombardier beetle is nearby!
You reach to attack!
You closely miss the bombardier beetle.
The bombardier beetle is heavily wounded.
Your magical contamination has completely faded away.
You barely miss the bombardier beetle.
The bombardier beetle is heavily wounded.
The bombardier beetle bites you.
You barely miss the bombardier beetle.
The bombardier beetle is heavily wounded.
You puncture the bombardier beetle!
The bombardier beetle is almost dead.
The bombardier beetle sprays incendiary fluid at you.
The burning spray hits you.
You are covered in liquid fire!
You hit the bombardier beetle.
You kill the bombardier beetle!
The liquid fire burns you!
You have reached level 5!
The power to cast Scorch wells up from within.
Spell assigned to 'b'.
You shake off some of the fire as you move.
The liquid fire burns you!
You see here a ball python corpse.
You shake off some of the fire as you move.
The liquid fire burns you!
You shake off the liquid fire.
Adjust (i)tems, (s)pells, or (a)bilities?
Adjust which spell? b - Scorch Adjust to which letter?
S - Scorch You start resting.
HP restored.
You now have 101 gold pieces (gained 8).
k - a ring of willpower
Enter note: iunno i'm not really feeling this character for some reason
Enter note: zeor died on the way back to his home planet Are you sure you want to abandon this character and quit the game? (Confirm with "yes".)

▒▒▒ ▒∙∙ ∙∙▒
▒▒▒▒▒▒▒∙▒ ▒∙▒
∙B∙∙∙▒▒∙▒ ▒∙▒
▒▒▒▒∙▒▒∙▒ ▒ ▒∙▒
▒▒†▒▒∙▒ ▒∙▒▒▒∙▒
▒▒▒<∙∙▒∙▒▒ ∙∙∙∙▒
∙∙∙∙†∙∙∙∙▒▒▒▒▒▒∙∙▒
▒▒▒∙∙∙▒∙∙∙∙∙∙∙∙∙R▒
▒▒∙▒▒▒∙▒▒▒▒▒▒∙▒▒
▒∙▒ ▒∙▒ ▒∙▒ ∙∙▒
▒∙▒ ▒∙▒ ∙▒▒▒ ▒∙▒
▒∙▒ ▒∙ ▒∙▒ ▒∙▒ ▒
∙∙∙ ▒∙▒ ▒∙▒ ∙∙∙


There were no monsters in sight!

Vanquished Creatures
  A bombardier beetle (D:4)
  5 dart slugs
  A ribbon worm (D:2)
  5 ball pythons
  7 endoplasms
  3 giant cockroaches
  3 goblins
  3 hobgoblins
  3 jackals (D:2)
  3 quokkas
  8 bats
  5 frilled lizards
  8 kobolds
  3 rats (D:2)
58 creatures vanquished.

Notes
Turn   | Place    | Note
-------+----------+-------------------------------------------
     0 | D:1      | Zeor the Djinni Air Elementalist began the quest for the
                  | Orb.
     0 | D:1      | Zeor set off with the following spells memorised: Shock,
                  | Static Discharge, Swiftness, Airstrike.
     0 | D:1      | Reached XP level 1. HP: 15/15 MP: 0/0
   342 | D:1      | Reached XP level 2. HP: 8/21 MP: 0/0
   966 | D:2      | Reached XP level 3. HP: 25/25 MP: 0/0
   966 | D:2      | Learned a level 1 spell: Necrotise
  1229 | D:2      | Found a hide-covered altar of Uskayaw.
  1376 | D:2      | Reached XP level 4. HP: 24/31 MP: 0/0
  1549 | D:2      | Found a faded altar of an unknown god.
  1596 | D:3      | Reached skill level 1 in Armour
  1674 | D:3      | Found a shimmering altar of Xom.
  1836 | D:3      | Found a stormy altar of Qazlal.
  1868 | D:3      | Found an iron altar of Okawaru.
  2135 | D:4      | Reached XP level 5. HP: 20/35 MP: 0/0
  2135 | D:4      | Learned a level 2 spell: Scorch
  2212 | D:4      | iunno i'm not really feeling this character for some reason
  2212 | D:4      | zeor died on the way back to his home planet
  2212 | D:4      | Quit the game

Illustrated notes

▒▒▒ ▒∙∙ ∙∙▒
▒▒▒▒▒▒▒∙▒ ▒∙▒
∙B∙∙∙▒▒∙▒ ▒∙▒
▒▒▒▒∙▒▒∙▒ ▒ ▒∙▒
▒▒†▒▒∙▒ ▒∙▒▒▒∙▒
▒▒▒<∙∙▒∙▒▒ ∙∙∙∙▒
∙∙∙∙†∙∙∙∙▒▒▒▒▒▒∙∙▒
▒▒▒∙∙∙▒∙∙∙∙∙∙∙∙∙R▒
▒▒∙▒▒▒∙▒▒▒▒▒▒∙▒▒
▒∙▒ ▒∙▒ ▒∙▒ ∙∙▒
▒∙▒ ▒∙▒ ∙▒▒▒ ▒∙▒
▒∙▒ ▒∙ ▒∙▒ ▒∙▒ ▒
∙∙∙ ▒∙▒ ▒∙▒ ∙∙∙


Turn 2212 on D:4: iunno i'm not really feeling this character for some reason

Levels and vault maps discovered:
D:1:      minmay_arrival_doors, layout_loops_ring, minivault_14,
          patterned_corridor
D:2:      layout_basic, shapermc_ecumenical_altar_hornbeckon, basic_altar
D:3:      layout_rooms, mainiacjoe_overflow_small_starburst, okawaru_gym_becter,
          mainiacjoe_overflow_catwalk
D:4:      layout_loops_ring, nemelex_dance_club_becter,
          minmay_temple_entry_proselytizer, gammafunk_ghost_grave, minivault_23,
          minmay_misc_feat_pillars, uniq_blork_the_orc

Skill      XL: |  1  2  3  4 |
---------------+-------------+-----
Stealth        | 2 |  2.0
Armour         | 1 |  1.5
Dodging        | 3 |  3.0
Fighting       | |  0.2
Short Blades   | |  0.3
Polearms       | |  0.3
Spellcasting   | |  3.7
Conjurations   | |  3.7
Hexes          | |  3.7
Summonings     | |  3.7
Necromancy     | |  3.7
Translocations | |  3.7
Fire Magic     | |  3.7
Ice Magic      | |  3.7
Air Magic      | |  3.7
Earth Magic    | |  3.7
Alchemy        | |  3.7

Action                     |  1- 3 |  4- 6 || total
---------------------------+-------+-------++-------
  Melee: Short sword       |    20 |     4 ||    24
         Trident           |       |    19 ||    19
   Cast: Shock             |    57 |    22 ||    79
         Static Discharge  |     3 |       ||     3
    Use: Scroll            |       |     8 ||     8
   Stab: Sleeping          |       |     1 ||     1
 Armour: Robe              |     3 |       ||     3
         Leather armour    |    16 |    12 ||    28
  Dodge: Dodged            |    12 |    10 ||    22
